 Dungeon Crawl Stone Soup version 0.30-a0-46-g5a63ccc183 (webtiles) character file.

Game seed: 1786406869331509940

33919 Newt the Spear-Bearer (level 13, -3/98 HPs)
             Began as a Demonspawn Gladiator on Sept 1, 2022.
             Was an Initiate of Yredelemnul.
             Slain by a death yak (19 damage)
             ... on level 4 of the Lair of Beasts.
             The game lasted 00:27:08 (15813 turns).

Newt the Spear-Bearer (Demonspawn Gladiator)       Turns: 15813, Time: 00:27:09

Health: -3/98      AC: 21    Str: 21    XL:     13   Next: 39%
Magic:  20/20      EV: 29    Int: 13    God:    Yredelemnul [......]
Gold:   1041       SH:  6    Dex: 14    Spells: 12/12 levels left

rFire   + . .      SeeInvis .    y - +6 spear "Moulur" {distort, rC+}
rCold   + . .      Faith    .    P - +0 buckler
rNeg    . . .      Spirit   .    X - +4 chain mail {rF+}
rPois   .          Reflect  .    (helmet unavailable)
rElec   .          Harm     .    D - +0 cloak
rCorr   .          Rampage  .    S - +0 pair of gloves
Will    +....                    N - +0 pair of boots
Stlth   ..........               A - amulet of the acrobat
HPRegen 0.26/turn                B - ring of willpower
MPRegen 0.17/turn                K - +4 ring of evasion

@: frozen, acrobatic, very slow
A: horns 3, yellow scales 2, demonic guardian 2, powered by death 1, clever 1,
strong 1
a: Renounce Religion, Recall Undead Harvest


You were on level 4 of the Lair of Beasts.
You worshipped Yredelemnul.
Yredelemnul was aware of your devotion.
You visited 2 branches of the dungeon, and saw 15 of its levels.
You also visited: Bailey and Volcano.

You collected 1041 gold pieces.

Inventory:

Hand Weapons
 y - the +6 spear "Moulur" (weapon) {distort, rC+}
   (You found it on level 4 of the Dungeon)

   It warps and distorts space around it, and may blink, banish, or inflict
   extra damage upon those it strikes.
   Unwielding it can cause banishment or high damage.
   rC:        It protects you from cold.
 L - a +5 spear of freezing
 R - a +4 halberd of freezing
Missiles
 d - 3 atropa-tipped darts
 e - 27 javelins (quivered)
 s - 32 poisoned darts
Armour
 D - a +0 cloak (worn)
 N - a +0 pair of boots (worn)
 P - a +0 buckler (worn)
 S - a +0 pair of gloves (worn)
 X - a +4 chain mail of fire resistance (worn)
Jewellery
 z - a ring of protection from cold
 A - an amulet of the acrobat (around neck)
 B - a ring of willpower (left hand)
 K - a +4 ring of evasion (right hand)
 Z - a ring of flight
Wands
 a - a wand of digging (5)
 v - a wand of paralysis (7)
 C - a wand of flame (25)
 J - a wand of light (10)
 U - a wand of polymorph (2)
Scrolls
 h - a scroll of fear
 i - 3 scrolls of amnesia
 o - 6 scrolls of teleportation
 F - 2 scrolls of blinking
 G - 4 scrolls of enchant weapon
 Q - 2 scrolls of fog
Potions
 f - 3 potions of flight
 g - 3 potions of curing
 j - 5 potions of mutation
 k - 2 potions of ambrosia
 n - 3 potions of magic
 p - 5 potions of lignification
 r - 2 potions of cancellation
 u - a potion of experience {unknown}
 x - a potion of degeneration {unknown}
 E - 3 potions of heal wounds {unknown}
 H - 2 potions of brilliance {unknown}
 I - 2 potions of invisibility {unknown}
 M - 7 potions of haste
 O - 2 potions of resistance {unknown}
 W - 2 potions of attraction {unknown}
Miscellaneous
 T - a phantom mirror


   Skills:
 - Level 8.0 Fighting
 - Level 5.0 Short Blades
 - Level 12.0 Polearms
 - Level 1.7 Throwing
 - Level 8.0 Armour
 + Level 7.5 Dodging
 - Level 2.0 Stealth
 - Level 8.0 Shields
 - Level 10.0 Invocations
 - Level 5.0 Evocations


You had 12 spell levels left.
You didn't know any spells.
Your spell library contained the following spells:

 Spells                   Type           Power      Damage    Failure   Level
 Corpse Rot               Necr/Pois/Air  0%         N/A       100%        4
 Dispel Undead            Necr           0%         3d6       100%        4
 Death Channel            Necr           Unusable   N/A       N/A         6

Dungeon Overview and Level Annotations

Branches:
Dungeon (11/15)            Temple (0/1) D:7            Lair (4/5) D:10
  Swamp (0/4) Lair:2       Spider (0/4) Lair:2       Bailey (visited)
Volcano (visited)
  Slime: Lair:4-5       Orc: D:9-12

Altars:
Cheibriados
Dithmenos
Gozag
Makhleb
Yredelemnul


Innate Abilities, Weirdness & Mutations

You have a pair of large horns on your head.
You are mostly covered in yellow scales. (AC +3)
A demonic guardian rushes to your aid.
You regenerate a little health from kills.
Your mind is acute. (Int +4, Str/Dex -1)
Your muscles are strong. (Str +4, Int/Dex -1)


Message History

The yak is lightly wounded.
Your yak zombie gores the yak.
The yak gores your yak zombie.
Reach: y) +6 spear "Moulur" {distort, rC+}
Press: ? - help, Dir - move target, f/p - yak
Aim: a yak (moderately wounded, ally target, about 19% to evade the +6 spear "Moulur")
You reach to attack!
You barely miss the yak.
The yak is moderately wounded.
Unknown command.
You hit the death yak but do no damage.
Space warps horribly around the death yak!
The death yak is lightly wounded.
The death yak gores you but does no damage.
Your yak zombie gores the death yak.
You hit the death yak but do no damage.
Space warps horribly around the death yak!
The death yak is moderately wounded.
The rime drake bites your yak zombie but does no damage.
You hit the death yak.
Space warps around the death yak.
The death yak is moderately wounded.
The death yak gores you but does no damage.
The rime drake bites your yak zombie.
Your yak zombie barely misses the rime drake.
You puncture the death yak!
Space warps around the death yak.
The death yak is heavily wounded.
The death yak gores you! The death yak gores your yak zombie!!
Your yak zombie is destroyed!
You puncture the death yak!
Space warps around the death yak.
The death yak is heavily wounded.
You hit the death yak.
The death yak is heavily wounded.
The death yak blinks!
The rime drake bites you but does no damage.
The rime drake breathes ice at you. The flash freeze hits you!!
You partially resist.
* * * LOW HITPOINT WARNING * * *
A demonic guardian appears!
You are encased in ice.
The death yak gores you!!
You die...
Your body rises from the dead as a mindless zombie.

.# ..##
##....P# #.
.#..######
.. §.......
##.. .....
##.#. #Y.#
#.#..##§k##
#
#...Y#Y#.#.#
#...@.....#
#.##4Y.##.#
#...# #
#.<.#
#......#
##....##
#....#
#...## #...#


You could see 3 death yaks, a yak, a rime drake (catching breath) and a friendly
ice devil (summoned).

Vanquished Creatures
  2 boulder beetles
  4 hydras
  A centaur warrior (D:10)
  A death yak (Lair:4)
  A two-headed ogre (D:10)
  A fire crab (Volcano)
  A necromancer (D:9)
  An ugly thing (D:10)
  An orc knight (D:10)
  3 oklob plants (Lair:1)
  A black mamba (Lair:3)
  A torpor snail (Lair:2)
  A gargoyle (D:10)
  2 kobold demonologists (D:10)
  3 cane toads
  An unseen horror zombie (D:9)
  2 komodo dragons
  2 unseen horror skeletons (D:9)
  A hydra zombie (D:10)
  A polar bear (Lair:3)
  Prince Ribbit (D:5)
  4 flying skulls (D:9)
  10 yaks
  4 shadows (D:9)
  3 wraiths (D:9)
  A fire elemental (Lair:3)
  6 fire bats (Volcano)
  2 steam dragons
  A warg (D:10)
  Menkaure (D:5)
  11 water moccasins
  2 ice beasts
  10 orc warriors
  5 black bears
  A sky beast (D:7)
  6 wolves (Lair:1)
  11 centaurs
  3 phantoms
  A kobold brigand (D:10)
  A gnoll sergeant (D:9)
  8 bullfrogs
  5 scorpions
  4 necrophages
  A wyvern skeleton (D:9)
  7 wights (D:8)
  4 killer bees (D:8)
  5 howler monkeys
  A lava snake (Lair:3)
  3 centaur zombies (D:9)
  3 jellies
  6 hounds
  Crazy Yiuf (D:5)
  3 orc priests
  A centaur skeleton (D:9)
  Terence (D:3)
  2 iguanas
  4 orc wizards
  A killer bee zombie (D:9)
  2 howler monkey zombies (D:9)
  8 gnolls
  7 adders
  2 shadow imps (D:7)
  2 white imps (D:7)
  3 ufetubi
  3 worms
  3 dart slugs
  36 orcs
  5 ball pythons
  8 endoplasms
  3 giant cockroaches
  14 goblins
  5 hobgoblins
  4 kobolds
  3 quokkas
  4 bats
  5 frilled lizards
  2 orc zombies (D:10)
  4 rats
298 creatures vanquished.

Vanquished Creatures (collateral kills)
  A hydra (Lair:3)
  A two-headed ogre (D:4)
  An orc knight (D:10)
  A manticore (D:10)
  2 oklob plants (Lair:1)
  An unseen horror zombie (D:9)
  5 yaks
  A water moccasin (Lair:1)
  3 orc warriors (Bailey)
  2 wolves (Lair:1)
  A centaur (Bailey)
  A wight (D:9)
  An electric eel (Lair:3)
  2 centaur zombies (D:9)
  An orc priest (D:7)
  An iguana (D:7)
  An orc wizard (D:7)
  A howler monkey zombie (D:9)
  12 orcs
  A kobold (D:10)
40 creatures vanquished.

Vanquished Creatures (others)
  An ugly thing zombie (D:10)
  A human zombie (D:9)
  2 fire bat zombies (Volcano)
  An orc warrior (Bailey)
  A fire crab zombie (Volcano)
  2 water moccasin zombies
  A yak zombie (Lair:4)
  2 wolf zombies (Lair:1)
  A bullfrog zombie (D:9)
  5 centaur zombies
  A scorpion zombie (Lair:2)
  A hound zombie (D:7)
  3 howler monkey zombies
  A spectral white imp (D:7)
  A spectral shadow imp (D:7)
  5 gnoll zombies (D:7)
  3 kobold zombies (D:10)
  29 orc zombies
  A spectral ufetubus (D:7)
  7 fungi
  15 plants
84 creatures vanquished.

Grand Total: 422 creatures vanquished

Notes
Turn   | Place    | Note
-------+----------+-------------------------------------------
     0 | D:1      | Newt the Demonspawn Gladiator began the quest for the Orb.
     0 | D:1      | Reached XP level 1. HP: 16/16 MP: 1/1
   200 | D:1      | Reached skill level 1 in Stealth
  1008 | D:1      | Gained mutation: A weak demonic guardian rushes to your
                  | aid. [demonic ancestry]
  1008 | D:1      | Reached XP level 2. HP: 15/22 MP: 2/2
  1466 | D:1      | Found a faded altar of an unknown god.
  1527 | D:2      | Gained mutation: You have a pair of small horns on your
                  | head. [demonic ancestry]
  1527 | D:2      | Reached XP level 3. HP: 28/28 MP: 3/3
  2442 | D:3      | Noticed a necrophage
  2452 | D:3      | Killed a necrophage
  2453 | D:3      | Reached XP level 4. HP: 33/37 MP: 4/4
  2967 | D:3      | Reached XP level 5. HP: 40/42 MP: 5/5
  3205 | D:3      | Noticed Terence
  3206 | D:3      | Found a snail-covered altar of Cheibriados.
  3226 | D:3      | Killed Terence
  3523 | D:4      | Noticed a phantom
  3535 | D:4      | Killed a phantom
  3536 | D:4      | Reached skill level 5 in Short Blades
  3536 | D:4      | Gained mutation: You regenerate a little health from kills.
                  | [demonic ancestry]
  3536 | D:4      | Reached XP level 6. HP: 41/48 MP: 6/6
  3824 | D:4      | Identified the +6 spear "Moulur" {distort, rC+}
  4026 | D:5      | Entered Level 5 of the Dungeon
  4026 | D:5      | Noticed a two-headed ogre
  4041 | D:4      | Killed a two-headed ogre
  4042 | D:4      | Reached skill level 5 in Dodging
  4042 | D:4      | Reached skill level 4 in Polearms
  4042 | D:4      | Gained mutation: A demonic guardian rushes to your aid.
                  | [demonic ancestry]
  4042 | D:4      | Reached XP level 7. HP: 12/54 MP: 7/7
  4492 | D:5      | Gained mutation: You have a pair of horns on your head.
                  | [demonic ancestry]
  4492 | D:5      | Reached XP level 8. HP: 60/60 MP: 8/8
  4504 | D:5      | Reached skill level 5 in Polearms
  4757 | D:5      | Reached skill level 6 in Polearms
  4757 | D:5      | Reached skill level 1 in Evocations
  4931 | D:5      | Noticed Menkaure
  4937 | D:5      | Killed Menkaure
  4970 | D:5      | Noticed Prince Ribbit
  4979 | D:5      | Killed Prince Ribbit
  4980 | D:5      | Reached skill level 5 in Evocations
  5106 | D:5      | Found a burning altar of Makhleb.
  5112 | D:5      | Found an opulent altar of Gozag.
  5117 | D:5      | Found a basalt altar of Yredelemnul.
  5125 | D:5      | Became a worshipper of Yredelemnul the Dark
  5193 | D:5      | Found a runed translucent door.
  5194 | D:5      | Noticed Crazy Yiuf
  5479 | D:5      | Killed Crazy Yiuf
  5480 | D:5      | Reached XP level 9. HP: 46/65 MP: 9/9
  5877 | D:6      | Reached skill level 7 in Polearms
  6592 | D:7      | Found a flagged portal.
  6615 | Bailey   | Entered a bailey
  6709 | Bailey   | Reached skill level 8 in Polearms
  6748 | Bailey   | Reached * piety under Yredelemnul
  6838 | Bailey   | Reached ** piety under Yredelemnul
  6846 | Bailey   | Reached skill level 9 in Polearms
  7176 | Bailey   | HP: 3/65 [orc warrior/+0 halberd (12)]
  7481 | Bailey   | Reached skill level 10 in Polearms
  7492 | Bailey   | Gained mutation: You are partially covered in yellow
                  | scales. (AC +2) [demonic ancestry]
  7492 | Bailey   | Reached XP level 10. HP: 25/72 MP: 10/10
  7742 | Bailey   | Reached skill level 5 in Fighting
  8217 | D:7      | Gained mutation: You possess an exceptional clarity of
                  | mind. [potion of mutation]
  8217 | D:7      | Gained mutation: Your muscles are strong. (Str +4, Int/Dex
                  | -1) [potion of mutation]
  8217 | D:7      | Lost mutation: You possess an exceptional clarity of mind.
                  | [potion of mutation]
  8217 | D:7      | Gained mutation: Your mind is acute. (Int +4, Str/Dex -1)
                  | [potion of mutation]
  8545 | D:7      | Reached skill level 1 in Armour
  8589 | D:7      | Found a staircase to the Ecumenical Temple.
  9029 | D:8      | Reached skill level 5 in Armour
  9046 | D:8      | Reached skill level 1 in Invocations
  9095 | D:8      | Found a shadowy altar of Dithmenos.
  9234 | D:8      | Reached XP level 11. HP: 86/86 MP: 11/13
 10068 | D:9      | Reached skill level 5 in Invocations
 10071 | D:9      | Noticed a necromancer
 10090 | D:9      | Killed a necromancer
 10096 | D:9      | Noticed a necromancer
 10116 | D:9      | Banished a necromancer
 10143 | D:9      | Reached skill level 10 in Invocations
 10146 | D:9      | Reached skill level 1 in Shields
 10354 | D:9      | Noticed a boulder beetle
 10377 | D:9      | Killed a boulder beetle
 11099 | D:10     | Entered Level 10 of the Dungeon
 11116 | D:10     | Noticed a sun demon
 11127 | D:10     | Reached skill level 5 in Shields
 11154 | D:10     | Noticed a two-headed ogre
 11168 | D:10     | Killed a two-headed ogre
 11349 | D:10     | Found a staircase to the Lair.
 11427 | D:10     | Noticed a boulder beetle
 11428 | D:10     | Noticed a centaur warrior
 11428 | D:10     | Noticed an eight-headed hydra
 11430 | D:10     | Noticed an orc knight
 11433 | D:10     | Noticed an orc knight
 11438 | D:10     | Killed a boulder beetle
 11439 | D:10     | Gained mutation: You are mostly covered in yellow scales.
                  | (AC +3) [demonic ancestry]
 11439 | D:10     | Reached XP level 12. HP: 70/92 MP: 19/19
 11439 | D:10     | Killed an eight-headed hydra
 11442 | D:10     | Noticed a centaur warrior
 11443 | D:10     | Noticed a four-headed hydra
 11447 | D:10     | Banished a centaur warrior
 11456 | D:10     | Killed a centaur warrior
 12021 | D:10     | Noticed a seven-headed hydra
 12027 | D:10     | Killed a seven-headed hydra
 12162 | D:10     | Killed a four-headed hydra
 12163 | D:10     | Reached skill level 11 in Polearms
 12261 | D:10     | Reached *** piety under Yredelemnul
 12490 | Lair:1   | Entered Level 1 of the Lair of Beasts
 12902 | Lair:1   | Reached skill level 12 in Polearms
 13802 | Lair:2   | Found a dark tunnel.
 13811 | Volcano  | Entered a volcano
 13835 | Volcano  | Noticed a hell hog
 13844 | Volcano  | Banished a hell hog
 13898 | Volcano  | Gained mutation: You have a pair of large horns on your
                  | head. [demonic ancestry]
 13898 | Volcano  | Reached XP level 13. HP: 83/98 MP: 20/20
 14198 | Lair:2   | Found a hole to the Spider Nest.
 14472 | Lair:2   | Found a staircase to the Swamp.
 14936 | Lair:3   | Identified the +0 robe "Reseibiz" {Dex+4}
 15337 | Lair:3   | Reached **** piety under Yredelemnul
 15555 | Lair:3   | Reached ***** piety under Yredelemnul
 15813 | Lair:4   | Slain by a death yak

Illustrated notes

Levels and vault maps discovered:
D:1:      nzn_arrival_depleted_hourglass, layout_basic,
          shapermc_ecumenical_altar_petra
D:2:      layout_basic, solitary_fountain
D:3:      layout_basic, kennysheep_slug_shrine, st_stairs_11, minmay_ruptured,
          uniq_terence
D:4:      layout_cave_pools
D:5:      layout_gridville, minmay_overflow_temple_star_quad, serial_bayou,
          serial_bayou_pond_b, serial_bayou_shore_b, serial_bayou_pond_d,
          serial_bayou_shore_b, serial_bayou_pond_d, uniq_prince_ribbit1,
          uniq_menkaure, uniq_crazy_yiuf_cottage
D:6:      layout_basic
D:7:      layout_cave_pools, minmay_temple_entry_junction, enter_bailey_3,
          serial_glass, glass_columns_a, glass_columns_c, glass_columns_a,
          glass_columns_b, glass_columns_a, glass_columns_b, glass_columns_a,
          glass_columns_a, minmay_misc_feat_hallway, minmay_misc_feat_x,
          minmay_joined_circles
D:8:      layout_loops_ring, grunt_dithmenos_smoke_and_mirrors,
          amcnicky_altar_gilded
D:9:      hangedman_screamer, layout_irregular_city
D:10:     layout_roguey, erik_lair_orcish_takeover, minivault_28
D:11:     layout_roguey
Lair:1:   dpeg_oklob_gauntlet, layout_long_grid, grunt_megastairs_2,
          infiniplex_staircase_pool_2
Lair:2:   layout_gridlike, swamp_mist, nicolae_spider_entry_non_spiders,
          enter_volcano_1
Lair:3:   layout_gridlike, st_stairs_10
Lair:4:   layout_loops_ring, slime_entry_1, st_stairs_8, serial_bayou_pond_c,
          minivault_27, infiniplex_staircase_pool

Skill      XL: |  1  2  3  4  5  6  7  8  9 10 11 12 13 |
---------------+----------------------------------------+-----
Stealth        | 1 2 |  2.0
Fighting       | 4 8 |  8.0
Short Blades   | 3 5 |  5.0
Dodging        | 5 7 |  7.5
Polearms       | 4 6 10 12 | 12.0
Evocations     | 5 |  5.0
Armour         | 5 7 8 |  8.0
Invocations    | 3 10 | 10.0
Shields        | 6 8 |  8.0
Throwing       | |  1.7

Action                   |  1- 3 |  4- 6 |  7- 9 | 10-12 | 13-15 || total
-------------------------+-------+-------+-------+-------+-------++-------
Melee: Rapier            |    45 |       |       |       |       ||    45
       Punch             |     2 |     1 |     1 |     2 |       ||     6
       Dagger            |    53 |    50 |       |       |       ||   103
       Headbutt          |    13 |    31 |     7 |    71 |    22 ||   144
       Short sword       |       |    88 |       |       |       ||    88
       Spear             |       |    17 |   174 |   587 |   141 ||   919
Throw: Javelin           |     1 |       |       |       |       ||     1
       Throwing net      |       |     3 |     2 |     1 |       ||     6
       Dart              |       |       |     4 |       |       ||     4
Invok: Dark Bargain      |       |       |       |     4 |     1 ||     5
       Recall Undead Har |       |       |       |     1 |       ||     1
Evoke: Wand              |       |       |       |     6 |       ||     6
  Use: Scroll            |     2 |     4 |     2 |    10 |     3 ||    21
       Potion            |       |       |     4 |     2 |       ||     6
 Stab: Sleeping          |     1 |     1 |     3 |     1 |       ||     6
       Distracted        |       |       |     1 |     2 |       ||     3
       Paralysed         |       |       |       |    11 |       ||    11
Armor: Ring mail         |    37 |    40 |    26 |    92 |       ||   195
       Chain mail        |       |       |       |     2 |    18 ||    20
Dodge: Dodged            |    54 |    62 |    98 |   255 |    17 ||   486
Block: Buckler           |       |       |       |    32 |     9 ||    41

Table legend: (Time is in decaauts)
 A = Elapsed time spent in this place.
 B = Non-inter-level travel time spent in this place.
 C = Inter-level travel time spent in this place.
 D = Time resting spent in this place.
 E = Time spent auto-exploring this place.
 F = Levels seen in this place.
 G = Mean time per level.
                   A        B        C        D        E       F      G
               +--------+--------+--------+--------+--------+-----+--------+
         Total |  15414 |  14890 |    524 |   2411 |  10064 |  17 |  906.7 |
       Dungeon |  10723 |  10270 |    453 |   1270 |   7562 |  11 |  974.8 |
          Lair |   2857 |   2786 |     71 |    337 |   2031 |   4 |  714.2 |
        Bailey |   1484 |   1484 |      0 |    733 |    298 |   1 | 1484.0 |
       Volcano |    349 |    349 |      0 |     71 |    172 |   1 |  349.0 |
               +--------+--------+--------+--------+--------+-----+--------+

Top non-repeatable levels by time:
     D:1: 1520 daAuts
  Bailey: 1484 daAuts
    D:10: 1335 daAuts
     D:9: 1206 daAuts
     D:3: 1178 daAuts
  Lair:1: 1142 daAuts
     D:5: 1122 daAuts
     D:4: 974 daAuts
     D:7: 911 daAuts
     D:6: 907 daAuts
  Lair:3: 877 daAuts
  Lair:2: 806 daAuts
     D:8: 791 daAuts
     D:2: 770 daAuts
 Volcano: 349 daAuts
